Map: Odyssey LE

Players

Yata

  • Race: Protoss Protoss
  • League: Silver
  • Spawn Location: 5:00

Dissonant

  • Race: Protoss Protoss
  • Spawn Location: 11:00

Myhome

  • Race: Terran Terran
  • League: Diamond

JustPlainSav

  • Race: Terran Terran
  • League: Gold

VOD

Have the link to the VOD?

Description

Time

  • Played on: Aug. 26, 2017, 10:09 p.m.
  • Length: 23:17
Show
View Real Time Build Order
Export as new Build Order

Yata Protoss 

Build Orders: 1 Gate Expand 

Get SALT Encoding   

  12  0:01  Probe (Chrono Boost)  
  13  0:12  Probe (Chrono Boost)  
  14  0:19  Pylon  
  14  0:23  Probe (Chrono Boost)  
  15  0:37  Probe (Chrono Boost)  
  17  0:50  Gateway, Probe (Chrono Boost)  
  17  1:00  Probe (Chrono Boost)  
  17  1:03  Assimilator  
  18  1:19  Nexus  
  18  1:29  Probe (Chrono Boost)  
  20  1:40  Probe (Chrono Boost)  
  20  1:50  Probe (Chrono Boost)  
  20  1:53  Pylon  
  21  1:58  Pylon  
  21  2:12  Pylon  
  21  2:19  Probe (Chrono Boost)  
  21  2:28  Cybernetics Core  
  22  2:30  Probe (Chrono Boost)  
  22  2:36  Assimilator  
  22  2:40  Assimilator, Probe (Chrono Boost)  
  22  2:42  Probe (Chrono Boost)  
  22  2:44  Gateway  
  24  2:50  Warp Gate  
  24  2:52  Probe (Chrono Boost)  
  24  2:57  Probe (Chrono Boost)  
  26  3:03  Probe (Chrono Boost)  
  28  3:13  Adept  
  28  3:14  Probe (Chrono Boost)  
  32  3:21  Mothership Core (Chrono Boost)  
  32  3:24  Probe (Chrono Boost)  
  33  3:31  Adept  
  35  3:34  Forge  
  35  3:35  Probe (Chrono Boost)  
  37  3:41  Probe (Chrono Boost)  
  37  3:45  Probe (Chrono Boost)  
  38  3:53  Probe (Chrono Boost)  
  39  3:55  Adept  
  39  3:56  Probe (Chrono Boost)  
  39  4:01  Adept  
  44  4:05  Probe (Chrono Boost)  
  44  4:06  Probe (Chrono Boost)  
  44  4:07  Protoss Ground Weapons Level 1 (Chrono Boost)  
  46  4:13  Pylon  
  48  4:17  Probe x2 (Chrono Boost)  
  48  4:19  Pylon  
  48  4:36  Gateway  
  46  4:50  Probe  
  46  4:52  Probe  
  48  4:57  Gateway  
  48  5:01  Gateway  
  48  5:03  Adept x2  
  52  5:07  Gateway  
  52  5:10  Gateway  
  52  5:11  Gateway  
  52  5:18  Nexus  
  52  5:25  Adept x2  
  56  5:49  Adept x2  
  60  5:50  Adept  
  60  5:52  Probe  
  64  5:57  Probe  
  64  6:04  Probe  
  64  6:09  Robotics Facility, Probe  
  66  6:16  Probe  
  66  6:18  Adept  
  69  6:26  Pylon  
  69  6:30  Pylon  
  67  6:36  Pylon  
  61  6:41  Adept  
  61  6:42  Adept x4, Probe  
  61  6:43  Adept x2, Probe x2  
  61  6:44  Adept  
  80  6:55  Probe  
  80  6:56  Probe  
  82  7:03  Observer  
  82  7:07  Protoss Ground Armor Level 1 (Chrono Boost)  
  83  7:10  Probe  
  83  7:11  Probe  
  83  7:12  Probe  
  83  7:14  Adept x4  
  83  7:15  Adept x4  
  102  7:21  Probe  
  103  7:23  Probe  
  103  7:24  Probe  
  100  7:35  Adept x3  
  100  7:36  Adept x5  
  108  7:41  Pylon  
  108  7:43  Probe  
  101  7:44  Probe  
  101  7:45  Probe  
  101  7:51  Pylon  
  92  7:57  Probe  
  92  7:58  Adept  
  89  7:59  Adept  
  89  8:01  Pylon  
  89  8:02  Adept  
  91  8:05  Adept  
  91  8:12  Adept x2  
  97  8:15  Adept  
  97  8:18  Adept  
  99  8:21  Adept  
  99  8:23  Probe  
  99  8:24  Probe  
  99  8:26  Probe  
  100  8:30  Adept  
  98  8:48  Probe x2  
  98  8:50  Probe  
  101  8:59  Probe  
  101  9:00  Probe  
  101  9:02  Probe  
  104  9:10  Probe  
  104  9:11  Probe  
  106  9:18  Nexus  
  106  9:21  Probe  
  107  9:24  Robotics Bay  
  107  9:26  Adept x2  
  107  9:27  Adept x3  
  106  9:34  Probe  
  106  9:35  Probe  
  105  9:49  Pylon  
  105  9:50  Pylon  
  103  10:03  Nexus  
  103  10:06  Probe  
  102  10:07  Immortal, Probe  
  102  10:10  Pylon  
  108  10:14  Pylon  
  108  10:15  Mothership Core  
  110  10:22  Adept x4  
  110  10:23  Pylon  
  118  10:29  Probe  
  118  10:35  Probe  
  119  10:37  Adept  
  122  10:51  Nexus  
  122  10:58  Probe  
  122  11:00  Probe  
  122  11:04  Adept x3, Assimilator  
  126  11:05  Adept  
  126  11:08  Probe  
  133  11:12  Probe  
  133  11:27  Probe  
  133  11:28  Probe  
  133  11:29  Probe  
  132  11:38  Probe  
  131  11:46  Pylon  
  119  11:52  Immortal  
  101  11:59  Probe x2  
  101  12:01  Probe  
  102  12:04  Pylon  
  82  12:08  Adept x2  
  82  12:09  Adept  
  84  12:23  Adept x2  
  84  12:24  Adept x2  
  90  12:31  Immortal  
  86  12:46  Pylon  
  86  12:51  Pylon  
  86  12:52  Adept  
  86  12:53  Adept x2  
  86  12:58  Adept x2  
  90  13:11  Immortal, Probe  
  71  13:28  Nexus  
  63  13:35  Nexus  
  63  13:39  Adept  
  65  13:50  Immortal  
  65  13:52  Adept x3, Probe  
  65  13:54  Probe  
  77  14:08  Pylon  
  77  14:19  Probe x2  
  77  14:20  Adept  
  77  14:21  Adept  
  83  14:27  Adept  
  83  14:29  Probe x2  
  87  14:32  Adept  
  89  14:40  Probe x2  
  89  14:42  Pylon  
  91  14:50  Probe x4  
  91  15:00  Probe x2  
  93  15:14  Adept x5  
  89  15:15  Adept x2  
  89  15:19  Probe  
  89  15:20  Probe  
  99  15:33  Mothership Core  
  99  15:34  Pylon  
  97  15:38  Pylon  
  97  15:40  Adept x2  
  96  15:51  Probe x3  
  96  15:52  Probe  
  99  16:02  Probe x2  
  97  16:14  Adept x4  
  105  16:24  Nexus  
  105  16:27  Probe x2  
  105  16:28  Probe x2  
  109  16:36  Adept x4  
  109  16:38  Probe x2  
  109  16:39  Probe  
  110  16:58  Robotics Facility  
  110  17:01  Adept x4  
  95  17:03  Robotics Facility  
  89  17:23  Adept x3  
  89  17:24  Adept  
  96  17:31  Probe  
  88  17:48  Probe x4  
  88  17:49  Probe  
  85  17:58  Probe x2  
  85  17:59  Probe x2  
  74  18:09  Probe  
  74  18:11  Pylon  
  72  18:42  Gateway  
  70  18:54  Gateway x2  
  66  18:58  Gateway  
  62  19:03  Gateway  
  62  19:05  Gateway  
  62  19:06  Pylon  
  62  19:09  Pylon  
  62  19:12  Gateway  
  62  19:14  Probe  
  62  19:15  Gateway  
  62  19:16  Gateway  
  55  19:26  Immortal x2  
  55  19:27  Adept  
  65  19:48  Pylon  
  65  19:51  Adept x5  
  63  20:05  Immortal x2  
  71  20:27  Adept x5  
  71  20:28  Adept x3  
  83  20:35  Adept x2  
  85  20:38  Adept x3  
  85  20:41  Nexus  
  85  20:42  Adept  
  83  20:44  Immortal  
  83  20:45  Immortal  
  75  21:24  Immortal x2  
  83  21:27  Zealot  
  81  21:36  Pylon  
  81  21:39  Pylon  
  79  21:45  Zealot  
  79  21:46  Zealot  
  81  21:58  Forge  
  81  22:03  Cybernetics Core  
  89  22:09  Zealot  
  89  22:11  Zealot  
  75  22:47  Zealot x2  
  75  22:48  Zealot x2  
Show
View Real Time Build Order
Export as new Build Order

Dissonant Protoss 

Build Orders:  

Get SALT Encoding   

  12  0:02  SCV  
  13  0:14  SCV  
  14  0:21  Supply Depot  
  14  0:26  SCV  
  15  0:32  Supply Depot  
  15  0:44  Barracks, SCV  
  16  0:52  Supply Depot  
  16  0:58  SCV  
  17  1:12  Refinery, SCV  
  18  1:35  Command Center  
  18  1:36  Marine  
  19  1:53  SCV  
  20  2:02  Refinery  
  20  2:05  SCV  
  21  2:08  Barracks Reactor  
  22  2:25  Orbital Command  
  21  2:42  Factory  
  21  2:47  Marine x2  
  23  2:54  SCV  
  24  3:06  SCV  
  25  3:14  SCV  
  25  3:18  SCV  
  27  3:23  Marine x2  
  27  3:26  SCV  
  30  3:36  Starport  
  30  3:37  Factory Tech Lab  
  30  3:43  Factory  
  30  3:44  SCV  
  30  3:45  Factory  
  31  3:48  SCV  
  32  3:56  SCV  
  32  4:00  Barracks, SCV  
  34  4:08  SCV  
  37  4:15  Siege Tank  
  38  4:19  SCV  
  38  4:21  SCV  
  39  4:25  Starport Reactor  
  39  4:43  SCV x2  
  41  4:49  Factory Tech Lab x2  
  41  4:55  Barracks Tech Lab  
  41  5:01  Medivac, Marine  
  41  5:02  Marine  
  41  5:05  SCV  
  46  5:07  Orbital Command  
  46  5:11  Supply Depot x2  
  46  5:14  Supply Depot  
  46  5:19  Stimpack  
  46  5:20  SCV, Marine  
  48  5:24  Medivac  
  48  5:27  Marine  
  51  5:32  SCV  
  51  5:33  SCV  
  51  5:34  Refinery  
  53  5:36  Refinery  
  53  5:38  Marine  
  54  5:44  Marine  
  55  5:52  Medivac  
  55  5:56  Barracks, Marine  
  58  5:58  Barracks x2  
  53  6:17  Marauder  
  52  6:23  Marine x2  
  53  6:38  Marauder  
  53  6:39  SCV x2  
  55  6:41  Marine  
  56  6:51  SCV x2  
  56  6:53  Barracks Tech Lab  
  56  6:54  Marine, Barracks Tech Lab  
  58  6:55  Medivac  
  58  6:57  Barracks Tech Lab  
  58  6:58  Widow Mine  
  58  6:59  Marine, Marauder  
  66  7:01  Widow Mine  
  66  7:03  SCV  
  66  7:04  SCV  
  70  7:12  Marine  
  71  7:15  Supply Depot  
  71  7:16  SCV  
  71  7:18  Supply Depot  
  71  7:21  Marauder  
  62  7:42  Marauder  
  56  7:46  Widow Mine  
  56  7:50  Cyclone x2  
  63  7:52  Marauder x2  
  63  7:55  SCV  
  68  8:03  Marauder  
  68  8:04  SCV  
  70  8:15  Cyclone  
  70  8:16  SCV  
  70  8:18  SCV  
  71  8:22  Cyclone x2  
  74  8:29  SCV  
  75  8:42  SCV x2  
  75  8:47  Cyclone, Marauder  
  76  8:54  SCV x2  
  77  9:06  SCV  
  78  9:13  Supply Depot  
  78  9:34  SCV x2  
  78  9:35  Marauder x3  
  86  9:39  Marauder  
  80  9:46  SCV x2  
  81  10:00  Marauder x3  
  81  10:04  SCV  
  86  10:14  Supply Depot  
  86  10:18  Supply Depot  
  86  10:31  Siege Tank x2, SCV x2  
  94  10:36  Marine x2  
  94  10:37  Marauder x3  
  94  10:40  Marauder  
  94  10:42  Supply Depot  
  104  10:43  SCV x2  
  106  10:55  SCV x2  
  108  10:58  Marauder  
  110  11:07  SCV x2  
  111  11:19  SCV  
  80  12:23  SCV  
  80  12:24  SCV  
  82  12:33  Command Center  
  82  12:35  SCV  
  82  12:36  SCV  
  84  12:48  SCV x2  
  52  13:21  SCV x2  
  50  13:33  SCV  
  50  13:34  SCV  
  43  13:40  Liberator  
  40  13:43  Marine  
  40  13:44  Marine x2  
  40  13:45  SCV  
  40  13:46  SCV  
  40  13:48  Marauder  
  47  13:49  Marine x2  
  47  13:51  Siege Tank x3  
  58  13:57  SCV  
  58  13:58  SCV x2  
  58  14:01  Marauder  
  58  14:02  Marauder  
  68  14:03  Marauder  
  68  14:06  Marine  
  68  14:07  Marine  
  68  14:09  Marauder  
  75  14:10  SCV x2  
  77  14:17  Orbital Command  
  77  14:22  Marine, SCV x2  
  77  14:23  Marine, Siege Tank x2  
  77  14:24  Marine x3  
  86  14:30  Engineering Bay  
  89  14:32  Engineering Bay  
  89  14:34  SCV x2  
  91  14:46  SCV  
  92  14:54  SCV x2  
  92  14:58  SCV, Marine x2  
  97  15:02  Terran Infantry Armor Level 1, Terran Infantry Weapons Level 1  
  97  15:06  SCV  
  96  15:11  Marine x2  
  96  15:12  Marine x2  
  100  15:15  Marine  
  100  15:16  Marine  
  99  15:29  Marine  
  94  15:42  Medivac  
  94  15:43  Medivac, SCV x3  
  94  15:47  Marine x6  
  94  15:49  Refinery  
  107  15:52  Refinery  
  107  15:55  SCV x2  
  109  15:59  SCV  
  108  16:07  SCV  
  108  16:08  SCV  
  108  16:11  SCV  
  105  16:15  Marine x2  
  105  16:16  Marine, Marauder x3  
  114  16:33  Marine x2  
  114  16:37  Marine  
  117  16:45  Command Center  
  117  16:50  Marauder  
  117  16:52  Marine  
  117  16:53  Marine  
  116  16:56  Marauder x2  
  111  17:12  SCV x2  
  111  17:13  SCV  
  112  17:17  Medivac x2  
  112  17:18  Marine  
  117  17:33  Marine, Marauder  
  117  17:56  Medivac x2, SCV x3, Marine x2, Marauder x3  
  132  18:08  SCV, Marine  
  132  18:23  Supply Depot  
  132  18:25  Supply Depot  
  132  18:28  SCV  
  132  18:45  Medivac x2, SCV, Marine, Marauder  
  132  18:47  Supply Depot x2, SCV, Marine x3, Marauder  
  132  18:48  Supply Depot x2  
  147  18:50  Planetary Fortress  
  147  18:51  Supply Depot  
  147  18:54  Supply Depot x2  
  141  18:59  SCV  
  137  19:03  Marine  
  137  19:05  Marine x2  
  139  19:10  Marine  
  139  19:11  Marauder x2  
  139  19:15  Medivac x2  
  147  19:20  Marine  
  147  19:22  Marine  
  147  19:23  Marauder  
  151  19:28  Command Center  
  151  20:00  Marine x3, Marauder x2  
  151  20:01  Marauder  
  160  20:17  Marine  
  160  20:18  Marine, Marauder  
  164  20:21  Marine  
  164  20:22  Marauder x2  
  167  20:35  Marine x2  
  167  20:37  Armory  
  167  20:40  Marauder x2  
  171  20:42  Marine  
  171  20:43  Marine  
  173  20:51  Orbital Command  
  173  20:53  Marine x2  
  175  21:01  Marine, Marauder x3  
  182  21:11  Marine x2  
  184  21:18  Marine  
  184  21:22  Marine x3  
  179  21:29  Marine x2  
  165  21:37  Marauder  
  161  21:40  Marine, Marauder x2  
  161  21:42  Thor  
  161  21:43  Thor x2  
  161  21:46  Medivac  
  161  21:47  Marine x2  
  188  21:58  Marine, Marauder  
  189  22:01  Marine, Marauder  
  189  22:02  SCV x3  
  189  22:03  SCV  
  189  22:04  Marine x2  
  198  22:16  Marauder  
Show
View Real Time Build Order
Export as new Build Order

Myhome Terran 

Build Orders:  

Get SALT Encoding   

Show
View Real Time Build Order
Export as new Build Order

JustPlainSav Terran 

Build Orders:  

Get SALT Encoding   

Tags
 
Add a new tag
Caveats
  • Supply blocks, unpowered buildings, or Contaminate may cause inaccurate times.
  • Supply counts are checked every 10 seconds.